 Dungeon Crawl Stone Soup version bcrawl-1.19.2-6-g6a88ae04c9 (webtiles) character file.

Game seed: 13758182397712695604

340 Mrkan the Ruffian (level 6, -4/59 HPs)
             Began as a Troll Fighter on Dec 21, 2019.
             Killed by divine providence
             ... invoked by an orc priest
              (13 damage)
             ... on level 3 of the Dungeon.
             The game lasted 00:04:20 (2714 turns).

Mrkan the Ruffian (Troll Fighter)                   Turns: 2714, Time: 00:04:20

Health: -4/59      AC:  9    Str: 25    XL:     6   Next: 30%
Magic:  5/5        EV:  8    Int:  7    God:
Gold:   215        SH:  9    Dex:  9    Spells: 5/5 levels left

rFire    . . .     SeeInvis .     - Unarmed
rCold    . . .     Gourm    +   a - +0 shield
rNeg     . . .     Faith    .   (armour unavailable)
rPois    .         Spirit   .   k - +2 hat
rElec    .         Reflect  .   h - +0 cloak
rCorr    .         Harm     .   (gloves unavailable)
MR       .....                  (boots unavailable)
Stlth    +.........             (no amulet)
HPRegen  0.59/turn              (no ring)
MPRegen  0.09/turn              (no ring)

@: no status effects
A: large, almost no armour, unfitting armour, claws 3, fast metabolism 3,
gourmand, regeneration 1, AC +6
a: no special abilities


You were on level 3 of the Dungeon.
You were very full.

You visited 1 branch of the dungeon, and saw 3 of its levels.

You collected 215 gold pieces.

Inventory:

Armour
 a - a +0 shield (worn)
 h - a +0 cloak (worn)
 k - a +2 hat (worn)
 s - a +1 hat
Jewellery
 g - a +3 ring of strength
 o - an uncursed amulet of regeneration {unknown}
Wands
 n - a wand of digging (10)
 p - a wand of polymorph (15)
Scrolls
 d - 6 scrolls of identify {unknown}
 e - a scroll of fear {unknown}
 i - 3 scrolls of remove curse {unknown}
 j - 2 scrolls of amnesia {unknown}
 l - a scroll of fog {unknown}
Potions
 b - a potion of might
 f - 2 potions of mutation {unknown}
 m - a potion of brilliance {unknown}
 r - a potion of degeneration {unknown}
Comestibles
 c - 9 rations {!d}
 q - 3 chunks of flesh


   Skills:
 - Level 2.4 Fighting
 - Level 2.4 Dodging
 + Level 3.2 Shields
 * Level 5.6 Unarmed Combat


You had 5 spell levels left.
You didn't know any spells.
Your spell library was empty.

Dungeon Overview and Level Annotations

Branches:
Dungeon (3/12)

Altars:
Fedhas
Ru


Innate Abilities, Weirdness & Mutations

You cannot wear most types of armour.
Your thick skin is tough. (AC +6)
You are too large for most types of armour.
You have claws for hands.
Your metabolism is lightning-fast.
You like to eat raw meat.
Your natural rate of healing is unusually fast.


Message History

You miss the kobold. The kobold hits you but does no damage.
The orc wizard casts a spell.
The orc wizard blinks!
The kobold hits you.
You claw the kobold!
You kill the kobold!
The orc priest calls down the wrath of Beogh upon you.
Beogh smites you!
* * * LOW HITPOINT WARNING * * *
The orc wizard gestures wildly while chanting.
The orc wizard blinks!
The orc priest hits you but does no damage.
You see here 3 stones.
You claw the orc priest!
The orc priest is severely wounded.
You block the orc priest's attack. You block the crimson imp's attack.
You closely miss the orc priest.
The orc priest is severely wounded.
The orc priest calls down the wrath of Beogh upon you.
Beogh smites you!
You die...

#####....######
......).......#
....).........#
..............#
#######.......#
#.......#
#..o....########
#.5o§......#....
###@###.........
#)# #.........
#.###...........
#..............
######........#
#........#
#####........#
...##....[...####
...##............


You could see an orc priest, an orc wizard and a crimson imp.

Vanquished Creatures
  3 orc priests (D:3)
  4 orc wizards (D:3)
  2 adders (D:3)
  2 worms
  4 dart slugs
  5 leopard geckos
  15 orcs (D:3)
  6 bats
  5 giant cockroaches
  8 goblins
  8 hobgoblins
  5 jackals
  14 kobolds
  A quokka (D:1)
  6 frilled lizards
  8 rats
96 creatures vanquished.

Notes
Turn   | Place    | Note
-------+----------+-------------------------------------------
     0 | D:1      | Mrkan the Troll Fighter began the quest for the Orb.
     0 | D:1      | Reached XP level 1. HP: 22/22 MP: 0/0
   202 | D:1      | Reached XP level 2. HP: 29/29 MP: 1/1
   428 | D:1      | Reached skill level 3 in Unarmed Combat
   485 | D:1      | Reached XP level 3. HP: 23/36 MP: 2/2
  1317 | D:2      | Found a blossoming altar of Fedhas.
  1810 | D:2      | Found a sacrificial altar of Ru.
  1884 | D:2      | Gained mutation: Your natural rate of healing is unusually
                  | fast. [Troll growth]
  1884 | D:2      | Reached XP level 4. HP: 44/44 MP: 3/3
  2143 | D:3      | Reached skill level 4 in Unarmed Combat
  2187 | D:3      | Reached XP level 5. HP: 31/50 MP: 4/4
  2323 | D:3      | Reached skill level 5 in Unarmed Combat
  2463 | D:3      | Reached XP level 6. HP: 59/59 MP: 5/5
  2714 | D:3      | Killed from afar by an orc priest

Skill      XL: |  1  2  3  4  5 |
---------------+----------------+-----
Unarmed Combat | 3 4 5 |  5.6
Shields        | 3 |  3.2
Fighting       | |  2.4
Dodging        | |  2.4

Action                   |  1- 3 |  4- 6 || total
-------------------------+-------+-------++-------
Melee: Unarmed           |   145 |   123 ||   268
  Eat: Chunk             |    15 |     7 ||    22
Armor: Skin              |    55 |    57 ||   112
Dodge: Dodged            |    48 |    33 ||    81
Block: Shield            |    69 |    53 ||   122
